AoeStats
← Mhafiki

Arabia

503226845Analyzed
1v1 RM · 1mo ago on Aug 30, 2026· 39m 18s· 2 players
Game mode
Random Map
Map size
Tiny (2 player)
Population
200
Speed
Normal
Resources
Standard
Victory
Conquest
Starting age
Dark Age
Ending age
Imperial Age
RankedLock teamsTeams togetherTeam positionsShared explorationLock speedFull tech treeHidden civsTurbo modeCheats
Victory
Defeat
🇨🇳 Huns · China
1183
+15
🇺🇸 Wei · United States
1168
-15
Mhafiki
11:09 Feudal Age
9:25 Loom
11:11 Feudal Age
14:52 Double-Bit Axe
17:29 Castle Age
15:54 Horse Collar
16:48 Gold Mining
18:36 Bow Saw
20:23 Stone Mining
21:42 Forging
24:29 Heavy Plow
28:00 Scale Barding Armor
29:32 Chain Barding Armor
32:00 Wheelbarrow
32:05 Iron Casting
34:43 Imperial Age
34:08 Gold Shaft Mining
34:12 Stone Shaft Mining
35:41 Hand Cart
36:28 Blast Furnace
36:08 Crop Rotation
36:26 Conscription
38:22 Scale Mail Armor
37:45 Pikeman
37:49 Elite Tiger Cavalry
38:13 Halberdier
38:20 Halberdier
39:27 Chain Mail Armor
39:15 Squires
Yo
6:09 Loom
8:48 Feudal Age
9:23 Double-Bit Axe
9:34 Horse Collar
13:54 Wheelbarrow
17:43 Castle Age
16:00 Gold Mining
17:03 Fletching
18:45 Bow Saw
18:32 Bodkin Arrow
18:39 Husbandry
19:32 Bloodlines
22:40 Heavy Plow
24:51 Ballistics
25:29 Fervor
27:25 Hand Cart
27:54 Town Watch
29:14 Sanctity
30:38 Stone Mining
33:43 Imperial Age
31:56 Scale Barding Armor
32:02 Forging
33:06 Gold Shaft Mining
33:58 Chain Barding Armor
34:14 Iron Casting
33:45 Cavalier
34:57 Conscription
35:47 Two-Man Saw
35:59 Plate Barding Armor
35:09 Paladin
36:41 Iron Casting
37:27 Masonry
39:29 Chemistry
39:37 Blast Furnace
Connection lost

Rejoining the realm…

Still unreachable

The connection could not be restored.

Session expired

The server has moved on; the page needs a fresh start.